 Dungeon Crawl Stone Soup version 0.19.4 (webtiles) character file.

136 motoroller71 the Slasher (level 4, 0/34 HPs)
             Began as a Mummy Gladiator on Feb 1, 2017.
             Slain by appiemonkey's ghost (8 damage)
             ... on level 3 of the Dungeon.
             The game lasted 00:08:03 (2307 turns).

motoroller71 the Slasher (Mummy Gladiator)          Turns: 2307, Time: 00:08:04

Health: 0/34       AC: 13    Str: 19    XL:     4   Next: 98%
Magic:  4/4        EV: 12    Int:  7    God:
Gold:   156        SH:  0    Dex: 12    Spells: 0 memorised, 3 levels left

rFire  x . .     SeeInvis .     a - +0 long sword
rCold  + . .     Gourm    .     b - +0 leather armour
rNeg   + + +     Faith    .     (no shield)
rPois  ∞         Spirit   .     c - +1 helmet
rElec  .         Reflect  .     i - +1 cloak
rCorr  .         Harm     .     (no gloves)
MR     +....                    (no boots)
Stlth  +.........               (no amulet)
                                e - ring of protection from magic
                                f - +6 ring of protection

@: no status effects
A: no food or potions, fire vulnerability, cold resistance 1, negative energy
resistance 3, torment resistance, unbreathing
a: no special abilities


You were on level 3 of the Dungeon.
You were not hungry.

You visited 1 branch of the dungeon, and saw 4 of its levels.

You collected 156 gold pieces.

Inventory:

Hand Weapons
 a - a +0 long sword (weapon)
Missiles
 d - 3 throwing nets (quivered)
Armour
 b - a +0 leather armour (worn)
 c - a +1 helmet (worn)
 i - a +1 cloak (worn)
Jewellery
 e - a ring of protection from magic (right hand)
 f - a +6 ring of protection (left hand)
Scrolls
 g - a scroll of fear
 j - a scroll of magic mapping


   Skills:
 * Level 2.8 Fighting
 * Level 4.2 Long Blades
 - Level 1.5 Throwing
 - Level 2.6 Dodging
 + Level 0.3 Stealth


You had 3 spell levels left.
You didn't know any spells.

Dungeon Overview and Level Annotations

Branches:
Dungeon (4/15)
 Temple: D:4-7

Altars:
Gozag

Shops:
D:3 *

Annotations:
D:3 appiemonkey's ghost, amateur CeHu


Innate Abilities, Weirdness & Mutations

You do not eat or drink.
Your flesh is vulnerable to fire.
You are immune to poison.
Your flesh is cold resistant. (rC+)
You are immune to negative energy. (rN+++)
You are immune to unholy pain and torment.
You can survive without breathing.


Message History

You start resting.
You closely miss appiemonkey's ghost.
Appiemonkey's ghost is severely damaged.
Appiemonkey's ghost hits you but does no damage.
Appiemonkey's ghost barely misses you.
Appiemonkey's ghost hits you but does no damage.
You closely miss appiemonkey's ghost.
Appiemonkey's ghost is severely damaged.
Appiemonkey's ghost keens inconsolably.
Appiemonkey's ghost closely misses you.
You closely miss appiemonkey's ghost.
Appiemonkey's ghost is severely damaged.
Appiemonkey's ghost hits you but does no damage.
Appiemonkey's ghost barely misses you.
Things that are here:
a robe; a dagger; an orc corpse You closely miss appiemonkey's ghost.
Appiemonkey's ghost is severely damaged.
Appiemonkey's ghost hits you!
You die...

≈≈≈≈≈≈≈...............#
.≈.....≈##.............#
.≈.⌠.⌠.≈##...........###
...≈..∩..≈.##.........##
...≈.⌠.⌠.≈...#.......##
##.≈.....≈##.###<.####
#..≈≈...≈≈##.##.)##
###.#.≈._.≈.##.#..##
....#.≈...≈.##..@##
....#.≈≈.≈≈.....W#
.....†..........#####.
.......#.#.............
......##†#......###....
...##..)....>...# ##
...##..#........#
...##....#......#
#####.##........#


You could see appiemonkey's ghost.

Vanquished Creatures
  An orc priest (D:2)
  An orc wizard (D:3)
  3 adders
  2 dart slugs (D:1)
  2 leopard geckos (D:1)
  2 orcs
  2 giant cockroaches
  6 goblins
  6 hobgoblins
  2 quokkas (D:2)
  5 bats
  6 frilled lizards
  5 kobolds
  5 rats
48 creatures vanquished.

Notes
Turn   | Place    | Note
-------+----------+-------------------------------------------
     0 | D:1      | motoroller71 the Mummy Gladiator began the quest for the Orb.
     0 | D:1      | Reached XP level 1. HP: 16/16 MP: 1/1
   259 | D:1      | Reached XP level 2. HP: 14/22 MP: 2/2
  1151 | D:2      | Reached skill level 3 in Long Blades
  1152 | D:2      | Reached XP level 3. HP: 27/28 MP: 3/3
  1893 | D:2      | Reached XP level 4. HP: 34/34 MP: 4/4
  2142 | D:3      | Reached skill level 4 in Long Blades
  2151 | D:3      | Found Gozag's Platinum Reserve.
  2152 | D:3      | Found an opulent altar of Gozag.
  2213 | D:3      | Found a faded altar of an unknown god.
  2223 | D:3      | Noticed appiemonkey's ghost (amateur CeHu)
  2283 | D:4      | Noticed a phantom
  2307 | D:3      | Slain by appiemonkey's ghost

Skill      XL: |  1  2  3  4 |
---------------+-------------+-----
Long Blades    | 3 4 |  4.2
Fighting       | |  2.8
Throwing       | |  1.5
Dodging        | |  2.6
Stealth        | |  0.3

Action                   |  1- 3 |  4- 6 || total
-------------------------+-------+-------++-------
Melee: Long sword        |   105 |    63 ||   168
  Use: Scroll            |     7 |     1 ||     8
 Stab: Sleeping          |     1 |       ||     1
Armor: Leather armour    |    38 |    26 ||    64
Dodge: Dodged            |    84 |    47 ||   131
       Rpst.: Long sword |    27 |    11 ||    38
